Map: Ulrena

Players

Starfruit

  • Race: Protoss Protoss
  • League: Diamond

TTS - Winner!

  • Race: Protoss Protoss
  • League: Platinum

VOD

Have the link to the VOD?

Description

Time

  • Played on: Feb. 23, 2016, 11:06 p.m.
  • Length: 2:58
Show
View Real Time Build Order
Export as new Build Order

Starfruit Protoss 

Build Orders:  

Get SALT Encoding   

  12  0:01  Probe (Chrono Boost)  
  13  0:11  Probe (Chrono Boost)  
  14  0:21  Pylon  
  14  0:22  Probe (Chrono Boost)  
  15  0:39  Probe (Chrono Boost)  
  15  0:40  Gateway  
  16  0:47  Assimilator  
  16  0:49  Probe (Chrono Boost)  
  17  0:54  Assimilator  
  17  1:00  Probe (Chrono Boost)  
  18  1:11  Probe (Chrono Boost)  
  19  1:28  Probe (Chrono Boost)  
  19  1:29  Gateway  
  19  1:32  Zealot (Chrono Boost)  
  22  1:41  Probe  
  19  2:18  Zealot (Chrono Boost)  
  19  2:22  Probe  
  13  2:34  Probe  
Show
View Real Time Build Order
Export as new Build Order

TTS Protoss - Winner!

Build Orders:  

Get SALT Encoding   

  12  0:01  Probe (Chrono Boost)  
  13  0:11  Probe (Chrono Boost)  
  14  0:22  Probe (Chrono Boost)  
  14  0:24  Pylon  
  16  0:42  Probe (Chrono Boost)  
  16  0:50  Forge  
  16  0:53  Probe (Chrono Boost)  
  17  1:12  Pylon  
  17  1:14  Pylon  
  17  1:15  Pylon  
  17  1:20  Probe (Chrono Boost)  
  18  1:30  Photon Cannon  
  18  1:41  Probe (Chrono Boost)  
  18  1:46  Gateway  
  19  1:51  Photon Cannon  
  19  1:57  Pylon  
  18  2:10  Probe (Chrono Boost)  
  18  2:14  Assimilator  
  18  2:18  Assimilator  
  18  2:20  Probe (Chrono Boost)  
  19  2:31  Probe (Chrono Boost)  
  19  2:35  Cybernetics Core  
  20  2:40  Gateway  
  20  2:41  Probe (Chrono Boost)  
  21  2:53  Photon Cannon  
  21  2:54  Photon Cannon  
Tags
 
Add a new tag
Caveats
  • Supply blocks, unpowered buildings, or Contaminate may cause inaccurate times.
  • Supply counts are checked every 10 seconds.